AoeStats
← Bingoking

Golden Pit

508928706Analyzed
1v1 RM · 7d ago on Sep 24, 2026· 33m 55s· 2 players
Game mode
Random Map
Map size
Tiny (2 player)
Population
200
Speed
Normal
Resources
Standard
Victory
Conquest
Starting age
Dark Age
Ending age
Imperial Age
RankedLock teamsTeams togetherTeam positionsShared explorationLock speedFull tech treeHidden civsTurbo modeCheats
Victory
Defeat
🇩🇪 Mongols · Germany
1195
+15
🇭🇺 Franks · Hungary
1168
-15
AMAPPET
10:43 Loom
14:18 Feudal Age
19:00 Castle Age
18:48 Scale Barding Armor
Bingoking
8:57 Feudal Age
9:33 Man-at-Arms
11:23 Double-Bit Axe
11:28 Loom
12:17 Horse Collar
13:41 Arson
21:39 Castle Age
22:46 Fletching
23:15 Bow Saw
24:27 Bodkin Arrow
29:38 Bloodlines
29:28 Husbandry
31:35 Gold Mining
Connection lost

Rejoining the realm…

Still unreachable

The connection could not be restored.

Session expired

The server has moved on; the page needs a fresh start.